 Dungeon Crawl Stone Soup version 0.31-a0-472-g43a2ca8e1b (webtiles) character file.

Game seed: 9932585220603194185

317 Ethylacetat the Changeling (level 6, -12/41 HPs)
             Began as an Octopode Shapeshifter on Aug 5, 2023.
             Was an Initiate of Gozag.
             Mangled by Menkaure (18 damage)
             ... on level 5 of the Dungeon.
             The game lasted 00:05:25 (2653 turns).

Ethylacetat the Changeling (Octopode Shapeshifter)  Turns: 2653, Time: 00:05:25

Health: -12/41     AC:  1    Str: 14    XL:     6   Next: 45%
Magic:  0/8        EV: 14    Int: 10    God:    Gozag
Gold:   162        SH:  0    Dex: 21    Spells: 8/8 levels left

rFire   . .          .
                       - Unarmed
rCold   . . .        (no shield)
rNeg    . . .        (helmet currently unavailable)
rPois   .            e - amulet of guardian spirit
rElec   .            n - +6 ring of dexterity
rCorr   .            (no ring)
SInv    .            (no ring)
Will    .....        (no ring)
Stlth   +++          (no ring)
HPRegen 0.26/turn    (no ring)
MPRegen 0.11/turn    (no ring)
                     (no ring)

%: guardian spirit
@: beast-form, invisible
A: beast (slay +3), almost no armour, amphibious, 8 rings, camouflage 1,
gelatinous body 1, (nimble swimmer 1), tentacles
a: Begin Untransformation, Renounce Religion, Potion Petition, Call Merchant,
Bribe Branch


You were on level 5 of the Dungeon.
You worshipped Gozag.
Gozag was aware of your devotion.
You were a hulking beast.
You visited 2 branches of the dungeon, and saw 6 of its levels.

You collected 199 gold pieces.
You paid 37 gold pieces to Gozag.

Inventory:

Missiles
 h - 3 curare-tipped darts
Jewellery
 e - an amulet of guardian spirit (around mantle)
 n - a +6 ring of dexterity (left tentacle)
Talismans
 b - a beast talisman (active)
Scrolls
 c - 2 scrolls of immolation {unknown}
 d - 4 scrolls of teleportation {unknown}
 g - 5 scrolls of identify {unknown}
 j - a scroll of fear {unknown}
 m - a scroll of fog {unknown}
 o - a scroll of silence {unknown}
Potions
 a - a potion of lignification
 f - 2 potions of attraction {unknown}
 i - 3 potions of invisibility
 k - 2 potions of curing {unknown}
 l - 2 potions of ambrosia {unknown}
 p - a potion of heal wounds {unknown}
 q - a potion of cancellation {unknown}


   Skills:
 + Level 2.9 Fighting
 - Level 2.0 Dodging
 + Level 4.1 Unarmed Combat
 + Level 1.8 Spellcasting
 * Level 4.6 Shapeshifting


You had 8 spell levels left.
You didn't know any spells.
Your spell library was empty.

Dungeon Overview and Level Annotations

Branches:
Dungeon (5/15)             Temple (1/1) D:4

Altars:
Cheibriados
Elyvilon
Fedhas
Gozag
Hepliaklqana
Kikubaaqudgha
Okawaru
Qazlal
Ru
Trog
Vehumet
Wu Jian
Xom
Yredelemnul
The Shining One

Annotations:
D:4 2 runed translucent doors, Ethylacetat's ghost, novice VSMo
D:5 1 runed translucent door, AdnanSaban's ghost, novice GrFi; Menkaure


Innate Abilities, Weirdness & Mutations

You are a hulking beast.
Your limbs bulge with bestial killing power. (Slay +3)
You cannot wear most types of armour.
You are amphibious.
You can wear up to eight rings at the same time.
Your skin changes colour to match your surroundings (Stealth+).
Your rubbery body absorbs attacks. (AC +1, EV +1)
((You are camouflaged when in or above water. (Stealth+)))
You have tentacles for arms and can constrict up to eight enemies at once.


Message History

Found an escape hatch in the ceiling.
Blork the orc comes into view.
He is wielding a +0 dire flail.
Blork the orc shouts!
You hear the slow hiss of a very distant avalanche of sand.
You barely miss Blork the orc. You grab Blork the orc.
You tentacle-slap Blork the orc, but do no damage.
You constrict Blork the orc.
Blork the orc hits you with a +0 dire flail.
You tentacle-slap Blork the orc. You squeeze Blork the orc!
Blork the orc is heavily wounded.
You constrict Blork the orc. You bludgeon Blork the orc!
You squeeze Blork the orc!
You kill Blork the orc!
Found an escape hatch in the floor.
You now have 162 gold pieces (gained 6).
Things that are here:
a +0 dire flail; a +0 robe
There is an escape hatch in the floor here.
Menkaure shouts!
Menkaure hits you!!
You bludgeon Menkaure! Your grab misses Menkaure.
Menkaure is moderately damaged.
Menkaure casts a spell.
Menkaure seems to speed up.
You tentacle-slap Menkaure but do no damage.
You grab Menkaure.
Menkaure is moderately damaged.
You constrict Menkaure, but do no damage.
Menkaure shouts, "You disturbed my rest!
Die!"
Menkaure misses you.
You tentacle-slap Menkaure.
Menkaure is heavily damaged.
You constrict Menkaure. Menkaure hits you!!
* * * LOW HITPOINT WARNING * * *
It was a potion of invisibility.
You fade into invisibility!
You constrict Menkaure, but do no damage.
Menkaure hits you!!
You die...
Your body crumbles into a pile of gold.

#. .. #. ....#####...... $
.............#. #
.............#. .#
.............#M###.#
...............h...########
.............#.#>###......#
..#+#.........#.....#.##.###
..#.#.#.......#.#.#.#.# .#
......#.#+#...#.#.#.#.# .#
....#.#.#S##........#.##<#
#...#...#S##..#.#.#.#....#
#.>...#.#W#.......#.#....#
........#~#.....#.)......#


You could see Menkaure (fast).

Vanquished Creatures
  Blork the orc (D:5)
  A howler monkey (D:4)
  An orc priest (D:3)
  3 orc wizards (D:3)
  4 adders
  A worm (D:3)
  A dart slug (D:3)
  4 orcs (D:3)
  2 ball pythons
  6 bats
  5 endoplasms
  2 giant cockroaches
  4 goblins
  6 hobgoblins
  5 jackals
  7 kobolds
  2 quokkas
  2 training dummies (D:4)
  3 rats
60 creatures vanquished.

Notes
Turn   | Place    | Note
-------+----------+-------------------------------------------
     0 | D:1      | Ethylacetat the Octopode Shapeshifter began the quest for
                  | the Orb.
     0 | D:1      | Reached XP level 1. HP: 13/13 MP: 1/1
   159 | D:1      | Reached XP level 2. HP: 16/18 MP: 2/2
   880 | D:2      | Reached XP level 3. HP: 20/23 MP: 3/3
  1209 | D:2      | You fall into a shaft and drop 1 floor!
  1360 | D:2      | Found a faded altar of an unknown god.
  1522 | D:3      | Reached XP level 4. HP: 29/29 MP: 4/4
  1684 | D:3      | Reached skill level 1 in Spellcasting
  1684 | D:3      | Reached XP level 5. HP: 10/35 MP: 2/6
  2129 | D:4      | Found a staircase to the Ecumenical Temple.
  2138 | Temple   | Entered the Ecumenical Temple
  2152 | Temple   | Became a worshipper of Gozag Ym Sagoz the Greedy
  2184 | D:4      | Found a runed translucent door.
  2196 | D:4      | Noticed Ethylacetat's ghost (novice VSMo)
  2205 | D:4      | Reached XP level 6. HP: 37/41 MP: 6/8
  2342 | D:4      | Found a runed translucent door.
  2586 | D:5      | Entered Level 5 of the Dungeon
  2586 | D:5      | Found a runed translucent door.
  2593 | D:5      | Noticed AdnanSaban's ghost (novice GrFi)
  2593 | D:5      | Noticed Menkaure
  2634 | D:5      | Noticed Blork the orc
  2639 | D:5      | Killed Blork the orc
  2653 | D:5      | Mangled by Menkaure

Illustrated notes

Levels and vault maps discovered:
D:1:      dpeg_arrival_tiny_a, layout_loops_corners
D:2:      layout_basic, shapermc_ecumenical_altar_petra
D:3:      layout_basic, minivault_24
D:4:      dreamdust_elfheim, layout_rooms, minmay_temple_entry_slanted,
          ebering_ghost_sewer_f
D:5:      nicolae_cairo_tiling_large_dashed, layout_basic,
          ebering_ghost_sewer_d, chequers_ossuary_entry_cave, uniq_menkaure,
          uniq_ijyb, uniq_blork_the_orc
Temple:   bh_familiar_temple

Skill      XL: |  1  2  3  4  5 |
---------------+----------------+-----
Fighting       | 2 |  2.9
Spellcasting   | 1 |  1.8
Shapeshifting  | 4 |  4.6
Unarmed Combat | 4 |  4.1
Dodging        | |  2.0

Action                     |  1- 3 |  4- 6 || total
---------------------------+-------+-------++-------
  Melee: Unarmed           |    74 |    46 ||   120
         Constrict         |    23 |    11 ||    34
         Tentacles         |    12 |    15 ||    27
         Punch             |     1 |     3 ||     4
    Use: Potion            |       |     1 ||     1
   Stab: Sleeping          |     7 |     2 ||     9
         Distracted        |       |     1 ||     1
 Armour: Skin              |    12 |     2 ||    14
  Dodge: Dodged            |    43 |    12 ||    55

Table legend: (Time is in decaauts)
 A = Elapsed time spent in this place.
 B = Non-inter-level travel time spent in this place.
 C = Inter-level travel time spent in this place.
 D = Time resting spent in this place.
 E = Time spent auto-exploring this place.
 F = Levels seen in this place.
 G = Mean time per level.
                   A        B        C        D        E       F      G
               +--------+--------+--------+--------+--------+-----+--------+
         Total |   2643 |   2479 |    164 |      4 |   2010 |   6 |  440.5 |
       Dungeon |   2616 |   2464 |    152 |      4 |   2010 |   5 |  523.2 |
        Temple |     27 |     15 |     12 |      0 |      0 |   1 |   27.0 |
               +--------+--------+--------+--------+--------+-----+--------+

Top non-repeatable levels by time:
     D:1: 871 daAuts
     D:3: 776 daAuts
     D:2: 472 daAuts
     D:4: 428 daAuts
     D:5: 66 daAuts
  Temple: 27 daAuts
